MLB
CHICAGO (N) CUBS @ ATLANTA BRAVES
03/22/2042
 
TOP OF THE 1ST
Chicago (N) Cubs batting - Pitching for Atlanta Braves : RHP Kiyohira Tanaka
Pitching: RHP Kiyohira Tanaka
Batting: LHB Juan De Los Santos 0-0: Ball
1-0: Called Strike
1-1: Ball
2-1: SINGLE (Groundball, 6MD, EV 110.0 MPH)
Batting: LHB Bob Johnson 0-0: Ball
1-0: Foul Ball, location: 7LSF
1-1: Foul Ball, location: 3FF
1-2: Strikes out swinging
Batting: RHB Tim Walsh 0-0: Called Strike
Juan De Los Santos is caught stealing 2nd base 2-4
0-1: Ball
1-1: Ball
2-1: Foul Ball, location: 9LSF
2-2: Ball
3-2: Foul Ball, location: 2F
3-2: Foul Ball, location: 23F
3-2: Fly out, F7 (Flyball, 7, EV 75.0 MPH)
Top of the 1st over - 0 runs, 1 hit, 0 errors, 0 left on base; Chicago (N) 0 - Atlanta 0
BOTTOM OF THE 1ST
Atlanta Braves batting - Pitching for Chicago (N) Cubs : RHP Mike McDonald
Pitching: RHP Mike McDonald
Batting: RHB Oliver Rivera 0-0: Ball
1-0: Called Strike
1-1: Swinging Strike
1-2: Strikes out swinging
Batting: RHB Skip Larson 0-0: Ball
1-0: Ball
2-0: Ball
3-0: Ground out U3 (Groundball, 34, EV 78.1 MPH)
Batting: LHB Orlando Cháves 0-0: Called Strike
0-1: Foul Ball, location: 2F
0-2: Ball
1-2: SINGLE (Groundball, 4MD, EV 105.0 MPH)
Batting: LHB Bob Hansen 0-0: Ball
Orlando Cháves is caught stealing 2nd base 2-6
Bottom of the 1st over - 0 runs, 1 hit, 0 errors, 0 left on base; Chicago (N) 0 - Atlanta 0
TOP OF THE 2ND
Chicago (N) Cubs batting - Pitching for Atlanta Braves : RHP Kiyohira Tanaka
Batting: LHB Paolo Pacheco 0-0: Ball
1-0: Foul Ball, location: 3SF
1-1: Ball
2-1: Reached on error, E1 (Groundball, 34S, EV 67.5 MPH)
Batting: LHB Luis Cardenas 0-0: Ball
1-0: Ball
2-0: Ball
3-0: Base on Balls
Paolo Pacheco to second
Batting: RHB Tony Aguirre 0-0: Ball
1-0: Ball
2-0: Foul Ball, location: 3DF
2-1: Grounds into double play, 4-6-3 (Groundball, 4S, EV 83.8 MPH)
Paolo Pacheco to third
Batting: RHB Màximo Guera 0-0: Fly out, F3 (Popup, 3SF, EV 75.6 MPH)
Top of the 2nd over - 0 runs, 0 hits, 1 error, 1 left on base; Chicago (N) 0 - Atlanta 0
BOTTOM OF THE 2ND
Atlanta Braves batting - Pitching for Chicago (N) Cubs : RHP Mike McDonald
Batting: LHB Bob Hansen 0-0: Called Strike
0-1: Ball
1-1: Foul Ball, location: 2F
1-2: Foul Ball, location: 7LMF
1-2: Fly out, F8 (Flyball, 8RD, EV 110.6 MPH)
Batting: RHB Ted Coleman 0-0: Swinging Strike
0-1: Swinging Strike
0-2: Ball
1-2: Ball
2-2: Fly out, F8 (Flyball, 8RD, EV 102.5 MPH)
Batting: RHB Cale Scutt 0-0: Foul Ball, location: 5F
0-1: Foul Ball, location: 2LF
0-2: Strikes out looking
Bottom of the 2nd over - 0 runs, 0 hits, 0 errors, 0 left on base; Chicago (N) 0 - Atlanta 0
TOP OF THE 3RD
Chicago (N) Cubs batting - Pitching for Atlanta Braves : RHP Kiyohira Tanaka
Batting: RHB Juan Cuevas 0-0: Swinging Strike
0-1: Ball
1-1: Ball
2-1: Foul Ball, location: 2F
2-2: SINGLE (Line Drive, 8RS, EV 103.1 MPH)
Batting: SHB José Contreras 0-0: Called Strike
0-1: Ball
Juan Cuevas is caught stealing 2nd base 2-6
1-1: Called Strike
1-2: Ball
2-2: Ball
3-2: Strikes out swinging
Batting: LHB Juan De Los Santos 0-0: Swinging Strike
0-1: Fly out, F8 (Line Drive, 8LD, EV 87.5 MPH)
Top of the 3rd over - 0 runs, 1 hit, 0 errors, 0 left on base; Chicago (N) 0 - Atlanta 0
BOTTOM OF THE 3RD
Atlanta Braves batting - Pitching for Chicago (N) Cubs : RHP Mike McDonald
Batting: RHB Eric Davis 0-0: Ground out 6-3 (Groundball, 6M, EV 103.1 MPH)
Batting: RHB José Felisberto 0-0: Ball
1-0: Called Strike
1-1: Called Strike
1-2: Strikes out swinging
Batting: RHB Andy Scott 0-0: Ball
1-0: SINGLE (Line Drive, 7S, EV 96.9 MPH)
Batting: RHB Oliver Rivera 0-0: Ball
1-0: DOUBLE (Line Drive, 78D, EV 108.8 MPH)
Andy Scott to third
Runner from 3rd tries for Home, SAFE, no throw by CF
Batting: RHB Skip Larson 0-0: Called Strike
0-1: Called Strike
0-2: Ball
1-2: DOUBLE (Flyball, 8LXD, EV 110.6 MPH)
Oliver Rivera scores
Pitching: LHP Mike Jeffries
Batting: LHB Orlando Cháves 0-0: Swinging Strike
0-1: Ball
1-1: Ball
2-1: Ground out 4-3 (Groundball, 4, EV 87.5 MPH)
Bottom of the 3rd over - 2 runs, 3 hits, 0 errors, 1 left on base; Chicago (N) 0 - Atlanta 2
TOP OF THE 4TH
Chicago (N) Cubs batting - Pitching for Atlanta Braves : RHP Kiyohira Tanaka
Batting: LHB Bob Johnson 0-0: Foul Ball, location: 9LDF
0-1: Ground out 4-3 (Groundball, 4, EV 84.4 MPH)
Batting: RHB Tim Walsh 0-0: Ball
1-0: Foul Ball, location: 3SF
1-1: Ball
2-1: Foul Ball, location: 2F
2-2: Fly out, F9 (Flyball, 9, EV 91.3 MPH)
Batting: LHB Paolo Pacheco 0-0: Ball
1-0: Ball
2-0: Ball
3-0: Called Strike
3-1: Base on Balls
Batting: LHB Luis Cardenas 0-0: Ball
Paolo Pacheco is caught stealing 2nd base 2-6
Top of the 4th over - 0 runs, 0 hits, 0 errors, 0 left on base; Chicago (N) 0 - Atlanta 2
BOTTOM OF THE 4TH
Atlanta Braves batting - Pitching for Chicago (N) Cubs : LHP Mike Jeffries
Pitching: LHP Chad Edmonds
Batting: LHB Bob Hansen 0-0: Called Strike
0-1: Foul Ball, location: 3F
0-2: SINGLE (Line Drive, 4MD, EV 108.8 MPH)
Batting: RHB Ted Coleman 0-0: Called Strike
0-1: Swinging Strike
0-2: Grounds into double play, 5-4-3 (Groundball, 56S, EV 92.5 MPH)
Batting: RHB Cale Scutt 0-0: Ball
1-0: Foul Ball, location: 2RF
1-1: Swinging Strike
1-2: Strikes out swinging
Bottom of the 4th over - 0 runs, 1 hit, 0 errors, 0 left on base; Chicago (N) 0 - Atlanta 2
TOP OF THE 5TH
Chicago (N) Cubs batting - Pitching for Atlanta Braves : RHP Kiyohira Tanaka
Now at 1B: Wilson Ramírez
Now in LF: Ted Coleman
Now in RF: Kevin Hicks
Batting: LHB Luis Cardenas 0-0: Called Strike
0-1: Swinging Strike
0-2: Ball
1-2: Strikes out swinging
Batting: RHB Tony Aguirre 0-0: Ball
1-0: Ball
2-0: Called Strike
2-1: Ball
3-1: Foul Ball, location: 9LSF
3-2: Foul Ball, location: 2F
3-2: Base on Balls
Batting: RHB Màximo Guera 0-0: Called Strike
0-1: Fielders Choice at 2nd, 6-4 (Groundball, 56, EV 98.1 MPH)
Batting: RHB Juan Cuevas 0-0: Ball
1-0: Ball
2-0: Called Strike
2-1: Ball
3-1: Foul Ball, location: 2F
3-2: Strikes out swinging
Top of the 5th over - 0 runs, 0 hits, 0 errors, 1 left on base; Chicago (N) 0 - Atlanta 2
BOTTOM OF THE 5TH
Atlanta Braves batting - Pitching for Chicago (N) Cubs : LHP Chad Edmonds
Pitching: RHP Luis Alonso
Now in CF: Joe Hunt
Batting: RHB Eric Davis 0-0: Fly out, F7 (Flyball, 7S, EV 96.9 MPH)
Batting: RHB José Felisberto 0-0: Ball
1-0: Fly out, F8 (Flyball, 8LXD, EV 95.6 MPH)
Batting: RHB Andy Scott 0-0: Fly out, F9 (Flyball, 89S, EV 94.4 MPH)
Bottom of the 5th over - 0 runs, 0 hits, 0 errors, 0 left on base; Chicago (N) 0 - Atlanta 2
TOP OF THE 6TH
Chicago (N) Cubs batting - Pitching for Atlanta Braves : RHP Kiyohira Tanaka
Pitching: RHP Steve Williams
Now at C: Darryl Hayes
Batting: SHB José Contreras 0-0: Ball
1-0: Fly out, F7 (Flyball, 7, EV 91.9 MPH)
Batting: RHB Joe Hunt 0-0: Fly out, F4 (Line Drive, 34D, EV 69.4 MPH)
Pinch Hitting: LHB Mauro Martínez 0-0: Called Strike
0-1: Called Strike
0-2: Foul Ball, location: 7LSF
0-2: Strikes out swinging
Top of the 6th over - 0 runs, 0 hits, 0 errors, 0 left on base; Chicago (N) 0 - Atlanta 2
BOTTOM OF THE 6TH
Atlanta Braves batting - Pitching for Chicago (N) Cubs : RHP Luis Alonso
Pitching: RHP Dave Miller
Now at 3B: Len Donovan
Now in LF: Joe Hunt
Now in CF: Mauro Martínez
Pinch Hitting: RHB Ed Simmons 0-0: Ball
1-0: Called Strike
1-1: Ball
2-1: Fly out, F9 (Line Drive, 9LM, EV 86.3 MPH)
Batting: RHB Wilson Ramírez 0-0: Ground out 6-3 (Groundball, 6, EV 85.6 MPH)
Batting: LHB Orlando Cháves 0-0: Fly out, F8 (Line Drive, 78M, EV 97.5 MPH)
Bottom of the 6th over - 0 runs, 0 hits, 0 errors, 0 left on base; Chicago (N) 0 - Atlanta 2
TOP OF THE 7TH
Chicago (N) Cubs batting - Pitching for Atlanta Braves : RHP Steve Williams
Pitching: RHP Chad Ford
Now at SS: Ed Simmons
Batting: RHB Mario Quintanilla 0-0: Foul Ball, location: 2F
0-1: Foul Ball, location: 2F
0-2: SINGLE (Line Drive, 7S, EV 95.0 MPH)
Pinch Hitting: RHB Víctor Aquino 0-0: Called Strike
0-1: Foul Ball, location: 25F
0-2: Ball
1-2: Strikes out swinging
Pinch Hitting: LHB Doug Conway 0-0: Ball
1-0: Called Strike
Mario Quintanilla steals 2nd base
1-1: Ground out U3 (Groundball, 3, EV 91.3 MPH)
Mario Quintanilla to third
Pitching: LHP Dave Hall
Batting: LHB Len Donovan 0-0: Ball
1-0: Ball
2-0: Called Strike
2-1: Swinging Strike
2-2: Fly out, F8 (Flyball, 78M, EV 81.3 MPH)
Top of the 7th over - 0 runs, 1 hit, 0 errors, 1 left on base; Chicago (N) 0 - Atlanta 2
BOTTOM OF THE 7TH
Atlanta Braves batting - Pitching for Chicago (N) Cubs : RHP Dave Miller
Pitching: LHP Joe Hartley
Now at C: Wilson Díaz
Now at 1B: Doug Conway
Now in RF: Víctor Aquino
Batting: SHB Kevin Hicks 0-0: Called Strike
0-1: Ground out 6-3 (Groundball, 6, EV 81.3 MPH)
Batting: RHB Ted Coleman 0-0: Called Strike
0-1: Ball
1-1: Ball
2-1: Swinging Strike
2-2: Foul Ball, location: 2F
2-2: Ball
3-2: Foul Ball, location: 2F
3-2: Base on Balls
Batting: RHB César Plone 0-0: Swinging Strike
0-1: Foul Ball, location: 2F
0-2: Ball
Ted Coleman is caught stealing 2nd base 2-4
1-2: Ground out 5-3 (Groundball, 5, EV 84.4 MPH)
Bottom of the 7th over - 0 runs, 0 hits, 0 errors, 0 left on base; Chicago (N) 0 - Atlanta 2
TOP OF THE 8TH
Chicago (N) Cubs batting - Pitching for Atlanta Braves : LHP Dave Hall
Pitching: LHP Darren Riley
Now at 1B: Alex Fleming
Now in RF: Wilson Ramírez
Pinch Hitting: RHB Esteban Garza 0-0: Reached on error, E6 (Groundball, 6M, EV 78.1 MPH)
Batting: RHB Juan Cuevas 0-0: Called Strike
0-1: Fly out, F5 (Line Drive, 5, EV 65.6 MPH)
Batting: RHB Wilson Díaz 0-0: Ground out 6-3 (Groundball, 6, EV 85.6 MPH)
Batting: RHB Joe Hunt 0-0: Called Strike
0-1: Swinging Strike
0-2: Ball
1-2: Ball
2-2: Strikes out looking
Top of the 8th over - 0 runs, 0 hits, 1 error, 1 left on base; Chicago (N) 0 - Atlanta 2
BOTTOM OF THE 8TH
Atlanta Braves batting - Pitching for Chicago (N) Cubs : LHP Joe Hartley
Pitching: LHP Jilenko Aure
Now at 2B: Esteban Garza
Batting: RHB Eric Davis 0-0: Called Strike
0-1: Foul Ball, location: 5F
0-2: SINGLE (Groundball, 4MD, EV 105.0 MPH)
Batting: RHB Darryl Hayes 0-0: Swinging Strike
0-1: Ball
Eric Davis is caught stealing 2nd base 2-4
1-1: Foul Ball, location: 23FF
1-2: Ball
2-2: Foul Ball, location: 2LF
2-2: Ground out 6-3 (Groundball, 6, EV 104.4 MPH)
Batting: RHB Andy Scott 0-0: Ball
1-0: Called Strike
1-1: Ball
2-1: Ground out 6-3 (Groundball, 6, EV 86.3 MPH)
Bottom of the 8th over - 0 runs, 1 hit, 0 errors, 0 left on base; Chicago (N) 0 - Atlanta 2
TOP OF THE 9TH
Chicago (N) Cubs batting - Pitching for Atlanta Braves : LHP Darren Riley
Pitching: RHP Mario Pérez
Batting: LHB Mauro Martínez 0-0: Ball
1-0: Called Strike
1-1: Ball
2-1: Ball
3-1: DOUBLE (Flyball, 89XD, EV 100.6 MPH)
Batting: RHB Mario Quintanilla 0-0: Ball
1-0: Foul Ball, location: 5SF
1-1: Foul Ball, location: 2F
1-2: Ball
2-2: Ball
3-2: Fly out, F9 (Line Drive, 89M, EV 99.4 MPH)
Batting: RHB Víctor Aquino 0-0: Ball
1-0: Ball
2-0: Called Strike
2-1: Swinging Strike
2-2: Strikes out swinging
Batting: LHB Doug Conway 0-0: Ball
1-0: Ball
2-0: Fly out, F8 (Flyball, 78M, EV 93.1 MPH)
Top of the 9th over - 0 runs, 1 hit, 0 errors, 1 left on base; Chicago (N) 0 - Atlanta 2
Friday, May 3rd , 2024 - OOTP Baseball 24.10 Build 82